[ PARTIDA AOE2 · #493680421 ]
UnrankedEslavos vs Chinese
Equipo del jugador · VICT
Equipo rival · DERR
[ ANÁLISIS DE REPETICIÓN · EXTRAÍDO DE LA PARTIDA GRABADA ]
Feudal
9:19
Castillos
23:51
Imperial
—
| APM promedio | 113.8 |
| APM pico | 215 |
| eAPM promedio | 75.2 |
| Aldeanos / militares | 106 / 105 |
Foco
⚔️ 74.2% · 🌾 25.8%
Militia ×42 · Spearman ×33 · Skirmisher ×19 · Monk ×9 · Boyar ×2
Feudal
9:37
Castillos
25:44
Imperial
—
| APM promedio | 57.4 |
| APM pico | 84 |
| eAPM promedio | 27.4 |
| Aldeanos / militares | 93 / 113 |
Foco
⚔️ 38.8% · 🌾 61.2%
Knight ×60 · Scout Cavalry ×22 · Archer ×21 · Monk ×6 · Scorpion ×2 · Spearman ×1
Mapa de la partida
Recursos iniciales + cada clic de construcción. Líneas = muros · curvas = relieve. ◆ oro · ⬟ piedra · ● bayas · ✦ reliquia · ◌ hueco del cierre
Tu base· Abierta — flanco sin cerrar
Base de OS+ | Emil :D· Abierta — hueco de 2t
Terreno inicial suavizado · ◌ = hueco del cierre detectado · pasá el cursor para detalles
Inputs por minuto
— VIT | Hera - - OS+ | Emil :D
Build order — VIT | Hera
Primeras 150 de 343 acciones detectadas
| 0:00 | Crear | Villager (Male) |
| 0:00 | Crear | Villager (Male) |
| 0:01 | Construir | House |
| 0:02 | Construir | House |
| 0:16 | Crear | Villager (Male) |
| 0:16 | Crear | Villager (Male) |
| 1:28 | Crear | Villager (Male) |
| 1:28 | Crear | Villager (Male) |
| 1:29 | Crear | Villager (Male) |
| 1:57 | Crear | Villager (Male) |
| 2:21 | Crear | Villager (Male) |
| 2:21 | Crear | Villager (Male) |
| 2:42 | Construir | Lumber Camp |
| 2:46 | Crear | Villager (Male) |
| 2:47 | Crear | Villager (Male) |
| 2:47 | Crear | Villager (Male) |
| 3:15 | Crear | Villager (Male) |
| 3:15 | Crear | Villager (Male) |
| 3:42 | Construir | House |
| 3:56 | Crear | Villager (Male) |
| 4:26 | Crear | Villager (Male) ×2 |
| 4:26 | Crear | Villager (Male) |
| 5:23 | Crear | Villager (Male) |
| 5:53 | Crear | Villager (Male) |
| 6:00 | Construir | Barracks |
| 6:19 | Crear | Villager (Male) |
| 6:34 | Construir | House |
| 6:43 | Investigar | Loom |
| 6:52 | Construir | Palisade Gate |
| 7:03 | Investigar | Feudal Age |
| 7:03 | Investigar | Feudal Age |
| 7:21 | Crear | Militia |
| 7:23 | Construir | Mill |
| 7:44 | Crear | Militia |
| 7:44 | Crear | Militia |
| 8:03 | Construir | Mining Camp |
| 8:07 | Crear | Militia |
| 8:07 | Crear | Militia |
| 8:50 | Construir | Farm |
| 8:51 | Construir | Farm |
| 9:03 | Crear | Villager (Male) |
| 9:19 | Edad | Edad Feudal |
| 9:23 | Investigar | Man-at-Arms (upgrade) |
| 9:27 | Construir | Farm |
| 9:35 | Crear | Villager (Male) |
| 9:35 | Crear | Villager (Male) |
| 9:46 | Construir | Farm |
| 9:59 | Crear | Villager (Male) |
| 10:11 | Construir | Farm |
| 10:28 | Investigar | Double-Bit Axe |
| 10:28 | Investigar | Double-Bit Axe |
| 10:28 | Investigar | Double-Bit Axe |
| 10:35 | Crear | Villager (Male) |
| 10:37 | Construir | Farm |
| 11:05 | Crear | Villager (Male) |
| 11:07 | Construir | Farm |
| 11:10 | Construir | House |
| 11:10 | Construir | House |
| 11:26 | Crear | Villager (Male) |
| 11:51 | Crear | Villager (Male) |
| 12:18 | Crear | Villager (Male) |
| 12:22 | Construir | Archery Range |
| 12:30 | Investigar | Horse Collar |
| 12:31 | Investigar | Horse Collar |
| 12:35 | Crear | Villager (Male) |
| 12:41 | Crear | Militia |
| 13:00 | Crear | Villager (Male) |
| 13:02 | Crear | Militia |
| 13:08 | Construir | Blacksmith |
| 13:14 | Crear | Villager (Male) |
| 13:16 | Crear | Skirmisher |
| 13:17 | Crear | Skirmisher |
| 13:26 | Crear | Skirmisher |
| 13:26 | Crear | Skirmisher |
| 13:27 | Crear | Villager (Male) |
| 13:41 | Crear | Villager (Male) |
| 13:44 | Crear | Skirmisher |
| 13:57 | Investigar | Fletching |
| 13:57 | Investigar | Fletching |
| 14:00 | Construir | Farm |
| 14:01 | Construir | Farm |
| 14:16 | Crear | Militia |
| 14:24 | Crear | Skirmisher |
| 14:27 | Crear | Villager (Male) |
| 14:37 | Construir | Farm |
| 14:39 | Construir | Farm |
| 14:40 | Construir | Farm |
| 14:50 | Crear | Skirmisher |
| 14:50 | Crear | Militia |
| 14:52 | Crear | Villager (Male) |
| 15:09 | Crear | Skirmisher |
| 15:11 | Crear | Militia |
| 15:18 | Construir | House |
| 15:21 | Construir | House |
| 15:29 | Investigar | Padded Archer Armor |
| 15:30 | Investigar | Padded Archer Armor |
| 15:52 | Crear | Militia |
| 15:58 | Crear | Villager (Male) |
| 16:03 | Construir | Farm |
| 16:04 | Construir | Farm |
| 16:05 | Construir | Farm |
| 16:21 | Crear | Militia |
| 16:22 | Crear | Villager (Male) |
| 16:30 | Crear | Militia |
| 16:30 | Crear | Skirmisher |
| 16:38 | Construir | Lumber Camp |
| 16:43 | Crear | Militia |
| 16:49 | Construir | Farm |
| 16:49 | Crear | Villager (Male) |
| 16:50 | Construir | Farm |
| 16:51 | Construir | Farm |
| 16:56 | Crear | Militia |
| 16:59 | Crear | Skirmisher |
| 17:12 | Crear | Villager (Male) |
| 17:34 | Construir | Farm |
| 17:35 | Construir | Farm |
| 17:43 | Investigar | Wheelbarrow |
| 17:44 | Investigar | Wheelbarrow |
| 17:48 | Crear | Skirmisher |
| 17:53 | Construir | Farm |
| 17:59 | Crear | Militia |
| 18:01 | Construir | House |
| 18:02 | Construir | House |
| 18:07 | Crear | Skirmisher |
| 18:16 | Construir | Farm |
| 18:53 | Construir | Farm |
| 18:53 | Construir | Farm |
| 19:01 | Crear | Villager (Male) |
| 19:12 | Crear | Skirmisher |
| 19:24 | Crear | Militia |
| 19:52 | Crear | Villager (Male) |
| 19:53 | Construir | Farm |
| 19:54 | Construir | Farm |
| 19:55 | Construir | Farm |
| 20:10 | Construir | Farm |
| 20:18 | Crear | Villager (Male) |
| 20:34 | Construir | Mining Camp |
| 20:46 | Crear | Villager (Male) |
| 20:55 | Construir | Farm |
| 20:55 | Investigar | Castle Age |
| 20:55 | Investigar | Castle Age |
| 21:02 | Crear | Militia |
| 21:04 | Investigar | Gold Mining |
| 21:04 | Investigar | Gold Mining |
| 21:07 | Crear | Skirmisher |
| 21:08 | Construir | Barracks |
| 21:10 | Construir | Barracks |
| 21:13 | Construir | Farm |
| 21:18 | Investigar | Scale Mail Armor |
| 21:19 | Investigar | Scale Mail Armor |
Build order — OS+ | Emil :D
Primeras 150 de 348 acciones detectadas
| 0:00 | Investigar | Loom |
| 0:01 | Investigar | Loom |
| 0:42 | Crear | Villager (Male) |
| 1:09 | Crear | Villager (Male) |
| 1:35 | Crear | Villager (Male) |
| 1:35 | Crear | Villager (Male) |
| 2:02 | Crear | Villager (Male) |
| 2:02 | Crear | Villager (Male) |
| 2:04 | Construir | Lumber Camp |
| 2:19 | Crear | Villager (Male) |
| 2:20 | Crear | Villager (Male) |
| 2:41 | Crear | Villager (Male) |
| 2:41 | Crear | Villager (Male) |
| 3:04 | Crear | Villager (Male) |
| 3:04 | Crear | Villager (Male) |
| 3:16 | Construir | House |
| 3:20 | Construir | House |
| 3:29 | Crear | Villager (Male) |
| 3:29 | Crear | Villager (Male) |
| 3:29 | Crear | Villager (Male) |
| 4:20 | Crear | Villager (Male) |
| 4:20 | Crear | Villager (Male) |
| 4:23 | Crear | Villager (Male) |
| 4:23 | Crear | Villager (Male) |
| 4:48 | Crear | Villager (Male) |
| 4:48 | Crear | Villager (Male) |
| 4:48 | Crear | Villager (Male) |
| 4:55 | Construir | Mill |
| 5:03 | Crear | Villager (Male) |
| 5:03 | Crear | Villager (Male) |
| 5:35 | Crear | Villager (Male) |
| 6:59 | Crear | Villager (Male) |
| 7:27 | Investigar | Feudal Age |
| 7:44 | Construir | Mining Camp |
| 7:50 | Construir | Palisade Wall |
| 7:56 | Construir | Palisade Wall |
| 8:13 | Construir | House |
| 8:14 | Construir | Palisade Wall |
| 8:16 | Construir | Palisade Wall |
| 8:22 | Construir | Palisade Wall |
| 8:46 | Construir | Barracks |
| 9:05 | Crear | Villager (Male) |
| 9:17 | Construir | Palisade Wall |
| 9:37 | Edad | Edad Feudal |
| 9:44 | Construir | Archery Range |
| 9:49 | Construir | Palisade Wall |
| 9:56 | Crear | Spearman |
| 9:58 | Crear | Villager (Male) |
| 10:09 | Construir | House |
| 10:12 | Crear | Villager (Male) |
| 10:19 | Crear | Archer |
| 10:27 | Construir | Palisade Wall |
| 10:34 | Crear | Archer |
| 10:34 | Crear | Villager (Male) |
| 11:07 | Crear | Archer |
| 11:09 | Crear | Villager (Male) |
| 11:14 | Construir | House |
| 11:25 | Construir | Palisade Gate |
| 11:28 | Construir | House |
| 11:35 | Construir | Palisade Wall |
| 11:36 | Crear | Villager (Male) |
| 11:44 | Crear | Archer |
| 11:56 | Construir | Farm |
| 12:00 | Crear | Villager (Male) |
| 12:04 | Construir | Palisade Wall |
| 12:06 | Construir | Palisade Wall |
| 12:07 | Construir | Palisade Wall |
| 12:10 | Construir | House |
| 12:11 | Construir | House |
| 12:17 | Construir | Blacksmith |
| 12:18 | Crear | Archer |
| 12:20 | Crear | Villager (Male) |
| 12:24 | Construir | Palisade Wall |
| 12:42 | Crear | Skirmisher |
| 12:46 | Crear | Villager (Male) |
| 12:56 | Crear | Villager (Male) |
| 13:01 | Construir | Farm |
| 13:03 | Construir | Farm |
| 13:24 | Investigar | Fletching |
| 13:24 | Investigar | Fletching |
| 13:25 | Crear | Archer |
| 13:25 | Crear | Archer |
| 13:29 | Crear | Villager (Male) |
| 13:33 | Construir | Stable |
| 13:46 | Crear | Villager (Male) |
| 14:01 | Construir | Farm |
| 14:02 | Construir | Farm |
| 14:02 | Construir | Farm |
| 14:02 | Construir | Farm |
| 14:28 | Crear | Archer |
| 14:29 | Crear | Scout Cavalry |
| 14:30 | Crear | Scout Cavalry |
| 14:30 | Crear | Villager (Male) |
| 14:31 | Construir | House |
| 14:34 | Construir | Farm |
| 14:34 | Construir | Farm |
| 14:34 | Construir | Farm |
| 14:34 | Construir | Farm |
| 14:40 | Crear | Archer |
| 14:41 | Crear | Villager (Male) |
| 15:01 | Construir | Farm |
| 15:02 | Construir | Farm |
| 15:02 | Construir | Farm |
| 15:02 | Construir | Farm |
| 15:03 | Construir | Farm |
| 15:09 | Crear | Scout Cavalry |
| 15:16 | Crear | Villager (Male) |
| 15:26 | Construir | Lumber Camp |
| 15:56 | Crear | Villager (Male) |
| 15:57 | Crear | Archer |
| 15:58 | Crear | Scout Cavalry |
| 15:58 | Crear | Scout Cavalry |
| 16:03 | Construir | Farm |
| 16:04 | Construir | Farm |
| 16:04 | Construir | Farm |
| 16:04 | Construir | Farm |
| 16:05 | Construir | Farm |
| 16:25 | Crear | Villager (Male) |
| 16:29 | Crear | Archer |
| 16:46 | Crear | Villager (Male) |
| 16:50 | Crear | Archer |
| 17:02 | Construir | Farm |
| 17:03 | Crear | Villager (Male) |
| 17:07 | Construir | Farm |
| 17:07 | Construir | Farm |
| 17:07 | Construir | Farm |
| 17:08 | Construir | Farm |
| 17:08 | Construir | Farm |
| 17:08 | Construir | Farm |
| 17:17 | Crear | Villager (Male) |
| 17:23 | Crear | Villager (Male) |
| 17:32 | Construir | Farm |
| 17:44 | Investigar | Double-Bit Axe |
| 17:46 | Crear | Archer |
| 17:50 | Construir | House |
| 17:52 | Construir | House |
| 17:55 | Crear | Scout Cavalry |
| 18:05 | Construir | Farm |
| 18:05 | Crear | Villager (Male) |
| 18:06 | Crear | Villager (Male) |
| 18:16 | Construir | Farm |
| 18:17 | Crear | Villager (Male) |
| 18:17 | Crear | Villager (Male) |
| 18:23 | Crear | Villager (Male) |
| 18:32 | Crear | Villager (Male) |
| 18:45 | Construir | Farm |
| 18:47 | Construir | Farm |
| 18:48 | Construir | Farm |
| 18:48 | Construir | Farm |
| 18:56 | Crear | Archer |
Cronología de la partida
| 6:00 | VIT | Hera · first_building Barracks |
| 7:50 | OS+ | Emil :D · wall_segment Palisade Wall x8 |
| 7:56 | OS+ | Emil :D · wall_segment Palisade Wall x12 |
| 8:14 | OS+ | Emil :D · wall_segment Palisade Wall x6 |
| 8:16 | OS+ | Emil :D · wall_segment Palisade Wall x1 |
| 8:22 | OS+ | Emil :D · wall_segment Palisade Wall x9 |
| 8:46 | OS+ | Emil :D · first_building Barracks |
| 9:17 | OS+ | Emil :D · wall_segment Palisade Wall x2 |
| 9:19 | VIT | Hera · age_up feudal |
| 9:37 | OS+ | Emil :D · age_up feudal |
| 9:44 | OS+ | Emil :D · first_building Archery Range |
| 9:49 | OS+ | Emil :D · wall_segment Palisade Wall x2 |
| 10:27 | OS+ | Emil :D · wall_segment Palisade Wall x1 |
| 11:35 | OS+ | Emil :D · wall_segment Palisade Wall x1 |
| 12:04 | OS+ | Emil :D · wall_segment Palisade Wall x1 |
| 12:06 | OS+ | Emil :D · wall_segment Palisade Wall x1 |
| 12:07 | OS+ | Emil :D · wall_segment Palisade Wall x1 |
| 12:22 | VIT | Hera · first_building Archery Range |
| 12:24 | OS+ | Emil :D · wall_segment Palisade Wall x2 |
| 13:33 | OS+ | Emil :D · first_building Stable |
| 23:42 | VIT | Hera · wall_segment Palisade Wall x1 |
| 23:51 | VIT | Hera · age_up castle |
| 24:52 | OS+ | Emil :D · wall_segment Stone Wall x1 |
| 25:44 | OS+ | Emil :D · age_up castle |
| 26:56 | VIT | Hera · first_building Monastery |
| 29:14 | OS+ | Emil :D · first_building Siege Workshop |
| 29:50 | OS+ | Emil :D · first_building Monastery |
| 29:58 | OS+ | Emil :D · wall_segment Palisade Wall x1 |
| 29:59 | OS+ | Emil :D · wall_segment Palisade Wall x1 |
| 30:00 | OS+ | Emil :D · wall_segment Palisade Wall x1 |
| 30:08 | OS+ | Emil :D · wall_segment Palisade Wall x10 |
| 30:10 | OS+ | Emil :D · wall_segment Palisade Wall x1 |
| 30:38 | VIT | Hera · wall_segment Palisade Wall x1 |
| 30:45 | VIT | Hera · wall_segment Palisade Wall x1 |
| 31:10 | VIT | Hera · wall_segment Palisade Wall x1 |
| 33:49 | OS+ | Emil :D · first_market_sell 100 wood |
| 35:09 | VIT | Hera · first_building Castle |
| 35:44 | OS+ | Emil :D · first_market_buy 100 stone |
| 35:47 | OS+ | Emil :D · first_building Castle |
| 35:52 | VIT | Hera · first_market_sell 500 food |
| 35:52 | VIT | Hera · first_market_buy 500 stone |
| 36:46 | OS+ | Emil :D · resign |
[ ANÁLISIS IA · 1 CRÉDITO ]
¿Qué pasó realmente en esta partida?
Wolo.gg analiza cada decisión: build order, eco, micro, errores típicos por bracket. Análisis personalizado por WhatsApp o Discord en 30 segundos.
Guía civ
Eslavos
Perfil
Jugador #199325